 Dungeon Crawl Stone Soup version 0.21.1-1-g345015f (webtiles) character file.

331 snakesoul the Poker (level 6, -1/48 HPs)
             Began as a Merfolk Skald on June 23, 2018.
             Slain by a gnoll
             ... wielding a +0 club
              (5 damage)
             ... on level 4 of the Dungeon.
             The game lasted 00:07:10 (3503 turns).

snakesoul the Poker (Merfolk Skald)                 Turns: 3503, Time: 00:07:10

Health: -1/48      AC:  3    Str: 12    XL:     6   Next: 52%
Magic:  2/11       EV: 12    Int: 12    God:
Gold:   215        SH:  0    Dex: 15    Spells: 2/11 levels left

rFire    . . .     SeeInvis +   a - +0 spear
rCold    . . .     Gourm    +   (no shield)
rNeg     . . .     Faith    .   b - +0 leather armour
rPois    .         Spirit   .   (no helmet)
rElec    .         Reflect  .   (no cloak)
rCorr    .         Harm     .   (no gloves)
MR       .....                  (no boots)
Stlth    +.........             l - amulet of the gourmand
HPRegen  0.16/turn              h - ring of see invisible
MPRegen  0.12/turn              m - ring of flight

@: infused, drained
A: change form in water, swift swim, stealthy swim
a: Evoke Flight


You were on level 4 of the Dungeon.
You were completely stuffed.

You visited 1 branch of the dungeon, and saw 4 of its levels.

You collected 215 gold pieces.

Inventory:

Hand Weapons
 a - a +0 spear (weapon)
Armour
 b - a +0 leather armour (worn)
Jewellery
 h - a ring of see invisible (left hand)
 l - an amulet of the gourmand (around neck)
 m - a ring of flight (right hand)
 s - an uncursed ring of protection from cold {unknown}
 t - an uncursed ring of positive energy
Scrolls
 e - 4 scrolls of identify
 j - a scroll of enchant weapon {unknown}
 k - 3 scrolls of remove curse
 o - 2 scrolls of teleportation {unknown}
 p - a scroll of amnesia {unknown}
Potions
 f - a potion of heal wounds {unknown}
 g - 2 potions of invisibility {unknown}
 i - a potion of ambrosia {unknown}
 n - a potion of curing {unknown}
 q - 3 potions of lignification {unknown}
 r - a potion of resistance {unknown}
Books
 c - a book of Battle

   Spells                             Type                      Level
   a - Infusion                       Charms                       1
   b - Shroud of Golubria             Charms/Translocation         2
   c - Song of Slaying                Charms                       2
   d - Spectral Weapon                Hexes/Charms                 3
   e - Regeneration                   Charms/Necromancy            3
Comestibles
 d - 4 rations


   Skills:
 + Level 3.9(2.9) Fighting
 * Level 5.5(4.5) Polearms
 - Level 0.6(0.0) Armour
 + Level 3.0(2.1) Dodging
 + Level 3.3(2.4) Spellcasting
 * Level 4.9(3.9) Charms


You had 2 spell levels left.
You knew the following spells:

 Your Spells              Type           Power        Failure   Level  Hunger
a - Infusion              Chrm           ##..         6%          1    ##.....
b - Spectral Weapon       Hex/Chrm       #.......     41%         3    ####...
c - Song of Slaying       Chrm           ##......     10%         2    ###....
d - Regeneration          Chrm/Necr      #.........   41%         3    ####...


Dungeon Overview and Level Annotations

Branches:
Dungeon (4/15)
 Temple: D:4-7

Altars:
Elyvilon
Hepliaklqana
Ru
Trog
Yredelemnul


Message History

The orc priest hits you.
* * * LOW HITPOINT WARNING * * *
You hit the orc priest!
You kill the orc priest!
Your base Dodging skill increases to level 3!
You barely miss the orc. The orc hits you.
* * * LOW HITPOINT WARNING * * *
You hit the orc.
The orc is heavily wounded.
The orc barely misses you.
You hit the orc.
The orc is severely wounded.
The orc hits you.
* * * LOW HITPOINT WARNING * * *
You hit the orc.
You kill the orc!
You hit the gnoll.
The gnoll is heavily wounded.
The gnoll hits you with a club.
You die...

## ########## ..
#........# #.
#.######.# .. #.#
#.# #.#o#####.####
#.#
#..gg@.......###.#
#.#g#####......#.#
.. #......#.# ...
#......#.# ...
#........# ##
##.....### ###.###
#.# #.#


You could see 3 gnolls and an orc.

Vanquished Creatures
  A crimson imp (D:3)
  An orc priest (D:4)
  A centaur skeleton (D:3)
  A gnoll shaman (D:4)
  3 orc wizards
  A gnoll (D:4)
  4 adders
  2 oozes
  A worm (D:2)
  3 dart slugs (D:1)
  4 orcs
  A bat zombie (D:1)
  3 giant cockroaches (D:3)
  7 goblins
  5 hobgoblins
  2 quokkas
  2 ball pythons
  5 bats
  4 frilled lizards
  A giant cockroach zombie (D:1)
  11 kobolds
  10 rats
73 creatures vanquished.

Notes
Turn   | Place    | Note
-------+----------+-------------------------------------------
     0 | D:1      | snakesoul the Merfolk Skald began the quest for the Orb.
     0 | D:1      | Reached XP level 1. HP: 16/16 MP: 3/3
   488 | D:1      | Reached XP level 2. HP: 23/23 MP: 5/5
  1121 | D:1      | Reached XP level 3. HP: 15/28 MP: 6/6
  1629 | D:2      | Reached skill level 4 in Polearms
  1792 | D:2      | Reached XP level 4. HP: 21/34 MP: 7/7
  1919 | D:2      | Found a bloodstained altar of Trog.
  1921 | D:2      | Found a hazy altar of Hepliaklqana.
  1926 | D:2      | Found a basalt altar of Yredelemnul.
  2519 | D:3      | Reached XP level 5. HP: 27/41 MP: 9/9
  2714 | D:3      | Learned a level 3 spell: Spectral Weapon
  2717 | D:3      | Learned a level 2 spell: Song of Slaying
  2762 | D:3      | Found a sacrificial altar of Ru.
  2996 | D:3      | Found a white marble altar of Elyvilon.
  3182 | D:3      | Reached skill level 5 in Polearms
  3182 | D:3      | Reached XP level 6. HP: 40/48 MP: 2/10
  3270 | D:3      | Learned a level 3 spell: Regeneration
  3503 | D:4      | Slain by a gnoll

Skill      XL: |  1  2  3  4  5  6 |
---------------+-------------------+-----
Polearms       | 4 5 |  5.5
Fighting       | 3 |  3.9
Charms         | 4 |  4.9
Spellcasting   | 3 |  3.3
Dodging        | 3 |  3.0
Armour         | |  0.6

Action                   |  1- 3 |  4- 6 || total
-------------------------+-------+-------++-------
Melee: Spear             |   135 |   222 ||   357
 Cast: Infusion          |       |     2 ||     2
       Song of Slaying   |       |     1 ||     1
  Use: Scroll            |       |     2 ||     2
 Stab: Sleeping          |     1 |     2 ||     3
  Eat: Chunk             |     4 |    14 ||    18
Armor: Leather armour    |    22 |    28 ||    50
Dodge: Dodged            |    50 |    97 ||   147
